 Dungeon Crawl Stone Soup version 0.28-a0-1213-g0243856f03 (webtiles) character file.

Game seed: 14162571374147868330

293 sanka the Cudgeller (level 6, 0/50 HPs)
             Began as a Palentonga Abyssal Knight on Dec 21, 2021.
             Was a Believer of Lugonu.
             Shot with an arrow by a centaur (3 damage)
             ... on level 4 of the Dungeon.
             The game lasted 00:06:13 (4402 turns).

sanka the Cudgeller (Palentonga Abyssal Knight)     Turns: 4402, Time: 00:06:13

Health: 0/50       AC:  4    Str: 18    XL:     6   Next: 11%
Magic:  7/8        EV:  9    Int: 10    God:    Lugonu [**....]
Gold:   117        SH:  0    Dex: 11    Spells: 5/5 levels left

rFire   + . .      SeeInvis +   a - +0 flail
rCold   x . .      Faith    .   (no shield)
rNeg    . . .      Spirit   .   j - +0 robe {Will+}
rPois   .          Reflect  .   (no helmet)
rElec   .          Harm     .   (no cloak)
rCorr   .          Rampage  .   (no gloves)
Will    +....                   (no barding)
Stlth   +.........              (no amulet)
HPRegen 0.16/turn               (no ring)
MPRegen 0.11/turn               e - ring of fire

@: no status effects
A: large, rugged brown scales 3, see invisible, deformed body, roll 1, armoured
tail
a: Rolling Charge, Renounce Religion, Depart the Abyss, Bend Space


You were on level 4 of the Dungeon.
You worshipped Lugonu.
Lugonu was pleased with you.
You visited 1 branch of the dungeon, and saw 4 of its levels.
You visited the Abyss 1 time.

You collected 117 gold pieces.


Innate Abilities, Weirdness & Mutations

You are completely covered in rugged brown scales. (AC +3, +7% HP)
You have supernaturally acute eyesight. (SInv)
Armour fits poorly on your strangely shaped body.
You can roll at nearby foes to attack.
You have a long armoured tail.


   Skills:
 - Level 3.0 Fighting
 - Level 6.0 Maces & Flails
 - Level 1.5 Armour
 - Level 0.7 Dodging
 + Level 3.3 Invocations


You had 5 spell levels left.
You didn't know any spells.
Your spell library contained the following spells:

 Spells                   Type           Power      Damage    Failure   Level
 Animate Skeleton         Necr           0%         N/A       36%         1
 Pain                     Necr           0%         1d4       36%         1
 Passwall                 Tmut/Erth      0%         N/A       50%         2
 Swiftness                Air            0%         N/A       75%         3
 Vampiric Draining        Necr           0%         2d6       75%         3

Inventory:

Hand Weapons
 a - a +0 flail (weapon)
 i - a +1 mace
Missiles
 f - 2 throwing nets {=f}
 q - 4 curare-tipped darts {=f}
Armour
 j - a +0 robe of willpower (worn)
Jewellery
 e - a ring of fire (right hand)
Wands
 o - a wand of iceblast (3)
 p - a wand of flame (13)
Scrolls
 c - 5 scrolls of identify {unknown}
 h - a scroll of enchant armour {unknown}
 k - a scroll of noise {unknown}
 n - a scroll of acquirement {unknown}
Potions
 b - a potion of might {unknown}
 d - a potion of curing {unknown}
 g - a potion of heal wounds {unknown}
 l - a potion of flight {unknown}
 m - a potion of magic {unknown}

Dungeon Overview and Level Annotations

Branches:
Dungeon (4/15)
 Temple: D:4-7

Altars:

Shops:
D:1 [

Annotations:
D:2 1 runed translucent door, Crazy Yiuf

▒........▒ ▒.........▒▒...
▒........▒ ▒..)..........▒
▒........▒ ▒.........▒ ▒
▒...<....▒ ▒.........▒ .▒
▒........▒▒ ▒.........▒▒..▒.▒
▒▒▒▒.÷....▒▒▒..........)....▒
▒....>....▒▒.........▒▒.▒▒..
▒....>......▒▒........▒▒...▒
▒............H....▒▒▒.▒.▒▒ .▒
▒....▒...................c ..
▒..........†▒▒▒.▒...▒.▒.. .
▒........††.▒ ▒.▒▒▒...▒▒..
▒▒▒▒▒.......▒ ▒.▒ ▒▒...▒▒.▒▒
▒▒....c▒▒ ▒.▒ ▒<.......
▒▒..... ▒)▒ ▒▒....... ▒▒▒▒..
... .▒▒..▒▒ ▒▒. ..▒ ▒▒ ▒▒


You could see a centaur.


Message History

The centaur is almost dead.
The centaur hits you.
* * * LOW HITPOINT WARNING * * *
The centaur barely misses you.
Unknown command.
You hit the centaur.
The centaur is almost dead.
The centaur hits you.
* * * LOW HITPOINT WARNING * * *
The centaur misses you. The centaur closely misses you. The centaur kicks you.
* * * LOW HITPOINT WARNING * * *
You hit the centaur.
You kill the centaur!
Lugonu accepts your kill.
Training target 6.0 for Maces & Flails reached!
Your Maces & Flails skill increases to level 6!
You need to enable at least one skill for training.
Your Invocations skill increases to level 3!
You have reached level 6!
Unknown command.
Unknown command.
Unknown command.
Unknown command.
The centaur shoots an arrow.
The arrow misses you.
The centaur shoots an arrow.
The arrow hits you.
You die...

Action                   |  1- 3 |  4- 6 || total
-------------------------+-------+-------++-------
Melee: Mace              |    76 |    42 ||   118
       Tailslap          |     5 |     8 ||    13
       Flail             |       |    69 ||    69
 Abil: Rolling Charge    |       |     4 ||     4
 Stab: Sleeping          |       |     1 ||     1
Armor: Leather armour    |    27 |    20 ||    47
       Robe              |       |    32 ||    32
Dodge: Dodged            |    38 |    72 ||   110

Levels and vault maps discovered:
D:1:      dpeg_arrival_triangle_fractal, layout_basic, serial_shops, shop,
          hex_medium
D:2:      layout_rooms, ebering_ecumenical_altar_rust, uniq_crazy_yiuf_cottage
D:3:      wad_lake_hut, layout_basic, kennysheep_jessica_study
D:4:      layout_rooms, ebering_ghost_sewer_d, minmay_manual_mares

Notes
Turn   | Place    | Note
-------+----------+-------------------------------------------
     0 | Abyss:1  | sanka the Palentonga Abyssal Knight began the quest for the
                  | Orb.
     0 | Abyss:1  | Reached XP level 1. HP: 19/19 MP: 2/2
     8 | D:1      | Escaped the Abyss
   344 | D:1      | Reached XP level 2. HP: 25/25 MP: 3/3
   432 | D:1      | Reached skill level 3 in Maces & Flails
   676 | D:1      | Reached ** piety under Lugonu
   849 | D:1      | Found Jeke Ute's Armour Boutique.
   866 | D:1      | Reached XP level 3. HP: 22/31 MP: 4/4
  1258 | D:2      | Reached skill level 4 in Maces & Flails
  1348 | D:2      | Reached XP level 4. HP: 34/37 MP: 5/5
  1790 | D:2      | Reached skill level 5 in Maces & Flails
  1948 | D:2      | Found a runed translucent door.
  1949 | D:2      | Noticed Crazy Yiuf
  2110 | D:2      | Found a faded altar of an unknown god.
  2447 | D:3      | Noticed Jessica
  2798 | D:3      | Killed Jessica
  2799 | D:3      | Reached XP level 5. HP: 40/43 MP: 6/6
  3723 | D:4      | Noticed a black bear
  3937 | D:4      | Noticed a centaur
  3938 | D:4      | Noticed a centaur
  4391 | D:4      | HP: 3/43 [centaur (2)]
  4391 | D:4      | HP: 1/43 [centaur (2)]
  4392 | D:4      | Killed a centaur
  4393 | D:4      | Reached skill level 6 in Maces & Flails
  4393 | D:4      | Reached skill level 3 in Invocations
  4393 | D:4      | Reached XP level 6. HP: 2/50 MP: 6/8
  4402 | D:4      | Shot with an arrow by a centaur

Vanquished Creatures
  A centaur (D:4)
  A hound (D:3)
  Jessica (D:3)
  3 adders
  6 gnolls
  4 bats
  4 endoplasms
  2 giant cockroaches
  7 goblins
  7 hobgoblins
  7 jackals
  6 kobolds
  4 quokkas
  6 ball pythons
  A frilled lizard (D:2)
  5 rats
65 creatures vanquished.
